cohdb
Replays
Latest Replays
All Replays
Popular Replays
Top Player Replays
Match Explorer
How It Works
Community
CoH3 Stats
Reddit
Sign in to upload your games and track your stats! →
Sign in with Steam
Match 47294237
Unlisted
Match 47294237
Overview
Messages
Build Orders
End
Kettenkrad Recon Vehicle
Construct Infanterie Kompanie
MG 42 Machine Gun Team
GrW 34 Mortar Team
Grenadier Squad
Grenadier Squad
Construct Panzergrenadier Kompanie
251 Medium Carrier
Support Elements
Medical Station
Construct Luftwaffe Kompanie
Grenadier Squad
Nebelwerfer 42 Rocket Launcher Team
Wirbelwind Flakpanzer
MG 42 Bunker
Side Skirts
TUNG TUNG TUNG SAHUR
ionwood
TEA OR STH STRONGER
CharlesDarwin🍖
arik010
bettipqtv
Dante
NEBULA
0
0
Comments
sign in to comment!
No comments posted yet!